| TOP OF THE 1ST |
|
Tacoma Rainiers batting - Pitching for Omaha Storm Chasers : RHP Matthew Orphan
|
|
Pitching: RHP Matthew Orphan
|
|
|
Batting: LHB Jawad Fahad
|
0-0: Called Strike 0-1: Ball 1-1: Ball 2-1: Ground out 1-3 (Groundball, 13S, EV 73.8 MPH)
|
|
Batting: LHB Josh Pittman
|
0-0: Swinging Strike 0-1: Called Strike 0-2: Ball 1-2: Ball 2-2: Foul Ball, location: 2F 2-2: Ball 3-2: Strikes out swinging
|
|
Batting: LHB Addisu Nyamekye
|
0-0: Called Strike 0-1: Ball 1-1: Swinging Strike 1-2: Foul Ball, location: 2F 1-2: Foul Ball, location: 2F 1-2: Strikes out swinging
|
| Top of the 1st over - 0 runs, 0 hits, 0 errors, 0 left on base; Tacoma 0 - Omaha 0 |
| BOTTOM OF THE 1ST |
|
Omaha Storm Chasers batting - Pitching for Tacoma Rainiers : RHP Vinny Reveles
|
|
Pitching: RHP Vinny Reveles
|
|
|
Batting: RHB Yuichi Takata
|
0-0: Ground out 4-3 (Groundball, 4, EV 84.4 MPH)
|
|
Batting: SHB Ryoji Hiraoka
|
0-0: Ball 1-0: Ball 2-0: Foul Ball, location: 2F 2-1: Foul Ball, location: 2F 2-2: Foul Ball, location: 2F 2-2: Ball 3-2: DOUBLE (Line Drive, 89D, EV 101.2 MPH)
|
|
Batting: RHB Adam Martin
|
0-0: Ball 1-0: Foul Ball, location: 2F 1-1: Fly out, F6 (Popup, 6M, EV 53.8 MPH)
|
|
Batting: RHB Kazuki Arai
|
0-0: Swinging Strike 0-1: Foul Ball, location: 2F 0-2: Ball 1-2: Strikes out looking
|
| Bottom of the 1st over - 0 runs, 1 hit, 0 errors, 1 left on base; Tacoma 0 - Omaha 0 |
| TOP OF THE 2ND |
|
Tacoma Rainiers batting - Pitching for Omaha Storm Chasers : RHP Matthew Orphan
|
|
Batting: SHB Ray Skogen
|
0-0: Ball 1-0: Swinging Strike 1-1: Ball 2-1: Ground out 3-1 (Groundball, 34, EV 103.1 MPH)
|
|
Batting: RHB Chris Skaff
|
0-0: Ball 1-0: Called Strike 1-1: Foul Ball, location: 2F 1-2: Ball 2-2: Ground out 5-3 (Groundball, 5, EV 101.2 MPH)
|
|
Batting: RHB Zach Downs
|
0-0: Called Strike 0-1: Ball 1-1: Foul Ball, location: 2F 1-2: Strikes out swinging
|
| Top of the 2nd over - 0 runs, 0 hits, 0 errors, 0 left on base; Tacoma 0 - Omaha 0 |
| BOTTOM OF THE 2ND |
|
Omaha Storm Chasers batting - Pitching for Tacoma Rainiers : RHP Vinny Reveles
|
|
Batting: RHB Kevin Wimberly
|
0-0: Ball 1-0: Ball 2-0: Swinging Strike 2-1: Swinging Strike 2-2: Foul Ball, location: 2F 2-2: Ball 3-2: Base on Balls
|
|
Batting: RHB Ken Postlethwaite
|
0-0: Ball 1-0: Fielders Choice at 2nd, 4-6 (Groundball, 34S, EV 82.5 MPH)
|
|
Batting: RHB Chang-keun Baik
|
0-0: Grounds into double play, 6-4-3 (Groundball, 6, EV 93.8 MPH)
|
| Bottom of the 2nd over - 0 runs, 0 hits, 0 errors, 0 left on base; Tacoma 0 - Omaha 0 |
| TOP OF THE 3RD |
|
Tacoma Rainiers batting - Pitching for Omaha Storm Chasers : RHP Matthew Orphan
|
|
Batting: RHB Josh Ruhl
|
0-0: Ball 1-0: SINGLE (Groundball, 4D, EV 96.2 MPH)
|
|
Batting: RHB Enrique Valdez
|
0-0: Called Strike 0-1: Ball 1-1: Ball 2-1: Swinging Strike 2-2: Strikes out swinging
|
|
Batting: RHB Max Schellekens
|
0-0: Ball 1-0: Called Strike 1-1: Ball 2-1: Fly out, F8 (Line Drive, 8RD, EV 92.5 MPH)
|
|
Batting: LHB Jawad Fahad
|
0-0: Ball 1-0: Ball 2-0: Foul Ball, location: 2F 2-1: Called Strike 2-2: Fielders Choice at 2nd, 5-4 (Groundball, 6, EV 92.5 MPH)
|
| Top of the 3rd over - 0 runs, 1 hit, 0 errors, 1 left on base; Tacoma 0 - Omaha 0 |
| BOTTOM OF THE 3RD |
|
Omaha Storm Chasers batting - Pitching for Tacoma Rainiers : RHP Vinny Reveles
|
|
Batting: SHB Arturo Baez
|
0-0: Called Strike 0-1: Foul Ball, location: 2F 0-2: Ball 1-2: Foul Ball, location: 2F 1-2: Strikes out swinging
|
|
Batting: RHB Justin Goff
|
0-0: Ball 1-0: Fly out, F7 (Flyball, 78M, EV 81.9 MPH)
|
|
Batting: RHB Yuichi Takata
|
0-0: Ball 1-0: Fly out, F8 (Flyball, 8LD, EV 86.9 MPH)
|
| Bottom of the 3rd over - 0 runs, 0 hits, 0 errors, 0 left on base; Tacoma 0 - Omaha 0 |
| TOP OF THE 4TH |
|
Tacoma Rainiers batting - Pitching for Omaha Storm Chasers : RHP Matthew Orphan
|
|
Batting: LHB Josh Pittman
|
0-0: Ball 1-0: Called Strike 1-1: DOUBLE (Flyball, 78D, EV 100.6 MPH)
|
|
Batting: LHB Addisu Nyamekye
|
0-0: Ball 1-0: SINGLE (Groundball, 5S, EV 67.5 MPH) (infield hit) Josh Pittman to third
|
|
Batting: SHB Ray Skogen
|
0-0: Foul Ball, location: 2F 0-1: Swinging Strike 0-2: Ball Passed Ball! Josh Pittman scores Addisu Nyamekye to second 1-2: Fly out, F8 (Line Drive, 8RM, EV 88.8 MPH)
|
|
Batting: RHB Chris Skaff
|
0-0: Called Strike 0-1: Called Strike 0-2: Strikes out swinging
|
|
Batting: RHB Zach Downs
|
0-0: Ball 1-0: Swinging Strike 1-1: DOUBLE (Flyball, 8LXD, EV 109.4 MPH) Addisu Nyamekye scores
|
|
Batting: RHB Josh Ruhl
|
0-0: Fly out, F9 (Flyball, 9S, EV 86.9 MPH)
|
| Top of the 4th over - 2 runs, 3 hits, 0 errors, 1 left on base; Tacoma 2 - Omaha 0 |
| BOTTOM OF THE 4TH |
|
Omaha Storm Chasers batting - Pitching for Tacoma Rainiers : RHP Vinny Reveles
|
|
Batting: SHB Ryoji Hiraoka
|
0-0: Ball 1-0: Ball 2-0: Fly out, F8 (Flyball, 8RS, EV 85.0 MPH)
|
|
Batting: RHB Adam Martin
|
0-0: Called Strike 0-1: Ball 1-1: Fly out, F8 (Line Drive, 8LD, EV 89.4 MPH)
|
|
Batting: RHB Kazuki Arai
|
0-0: Ball 1-0: SINGLE (Groundball, 3D, EV 99.4 MPH)
|
|
Batting: RHB Kevin Wimberly
|
0-0: Ball 1-0: Ball 2-0: Foul Ball, location: 2F 2-1: Foul Ball, location: 2F 2-2: Ball 3-2: SINGLE (Line Drive, 8LS, EV 104.4 MPH) Kazuki Arai to second Kazuki Arai to third
|
|
Batting: RHB Ken Postlethwaite
|
0-0: Ball 1-0: Called Strike 1-1: Ball 2-1: SINGLE (Groundball, 6D, EV 102.5 MPH) Kazuki Arai scores Kevin Wimberly to second
|
|
Batting: RHB Chang-keun Baik
|
0-0: Fly out, F7 (Flyball, 7S, EV 73.8 MPH)
|
| Bottom of the 4th over - 1 run, 3 hits, 0 errors, 2 left on base; Tacoma 2 - Omaha 1 |
| TOP OF THE 5TH |
|
Tacoma Rainiers batting - Pitching for Omaha Storm Chasers : RHP Matthew Orphan
|
|
Batting: RHB Enrique Valdez
|
0-0: Ball 1-0: Ball 2-0: Foul Ball, location: 2F 2-1: Foul Ball, location: 2F 2-2: Ball 3-2: Foul Ball, location: 2F 3-2: Foul Ball, location: 2F 3-2: DOUBLE (Line Drive, 5D, EV 106.9 MPH)
|
|
Batting: RHB Max Schellekens
|
0-0: Ball 1-0: Called Strike 1-1: Fly out, F3 (Popup, 3S, EV 75.6 MPH)
|
|
Batting: LHB Jawad Fahad
|
0-0: Fly out, F8 (Flyball, 89XD, EV 111.9 MPH)
|
|
Batting: LHB Josh Pittman
|
0-0: Fly out, F9 (Flyball, 89M, EV 80.6 MPH)
|
| Top of the 5th over - 0 runs, 1 hit, 0 errors, 1 left on base; Tacoma 2 - Omaha 1 |
| BOTTOM OF THE 5TH |
|
Omaha Storm Chasers batting - Pitching for Tacoma Rainiers : RHP Vinny Reveles
|
|
Batting: SHB Arturo Baez
|
0-0: Ball 1-0: SINGLE (Groundball, 4MD, EV 98.8 MPH)
|
|
Batting: RHB Justin Goff
|
0-0: Swinging Strike Pickoff Throw to First - Out! 1-3 CS 0-1: Ground out 4-3 (Groundball, 4, EV 81.2 MPH)
|
|
Batting: RHB Yuichi Takata
|
0-0: Called Strike 0-1: Ball 1-1: Swinging Strike 1-2: Ball 2-2: Strikes out swinging
|
| Bottom of the 5th over - 0 runs, 1 hit, 0 errors, 0 left on base; Tacoma 2 - Omaha 1 |
| TOP OF THE 6TH |
|
Tacoma Rainiers batting - Pitching for Omaha Storm Chasers : RHP Matthew Orphan
|
|
Batting: LHB Addisu Nyamekye
|
0-0: Called Strike 0-1: Swinging Strike 0-2: Ground out U3 (Groundball, 3L, EV 84.4 MPH)
|
|
Batting: SHB Ray Skogen
|
0-0: Ball 1-0: Called Strike 1-1: Ball 2-1: Foul Ball, location: 2F 2-2: Ball 3-2: Foul Ball, location: 2F 3-2: Base on Balls
|
|
Batting: RHB Chris Skaff
|
0-0: Fly out, F9 (Flyball, 9, EV 88.1 MPH)
|
|
Batting: RHB Zach Downs
|
0-0: Swinging Strike 0-1: Foul Ball, location: 2F 0-2: Foul Ball, location: 2F 0-2: Foul Ball, location: 2F 0-2: Strikes out swinging
|
| Top of the 6th over - 0 runs, 0 hits, 0 errors, 1 left on base; Tacoma 2 - Omaha 1 |
| BOTTOM OF THE 6TH |
|
Omaha Storm Chasers batting - Pitching for Tacoma Rainiers : RHP Vinny Reveles
|
|
Batting: SHB Ryoji Hiraoka
|
0-0: Called Strike 0-1: SOLO HOME RUN (Line Drive, 9D, EV 96.9 MPH), Distance : 380 ft
|
|
Batting: RHB Adam Martin
|
0-0: Ball 1-0: Ball 2-0: SOLO HOME RUN (Flyball, 9D, EV 95.6 MPH), Distance : 361 ft
|
|
Batting: RHB Kazuki Arai
|
0-0: Ball 1-0: Ball 2-0: Fly out, F9 (Line Drive, 89M, EV 105.6 MPH)
|
|
Batting: RHB Kevin Wimberly
|
0-0: Ball 1-0: Called Strike 1-1: Swinging Strike 1-2: Strikes out swinging
|
|
Batting: RHB Ken Postlethwaite
|
0-0: Fly out, F3 (Popup, 3SF, EV 71.9 MPH)
|
| Bottom of the 6th over - 2 runs, 2 hits, 0 errors, 0 left on base; Tacoma 2 - Omaha 3 |
| TOP OF THE 7TH |
|
Tacoma Rainiers batting - Pitching for Omaha Storm Chasers : RHP Matthew Orphan
|
|
Batting: RHB Josh Ruhl
|
0-0: Ground out 6-3 (Groundball, 6, EV 81.9 MPH)
|
|
Batting: RHB Enrique Valdez
|
0-0: Called Strike 0-1: Foul Ball, location: 2F 0-2: Ball 1-2: Ground out 1-3 (Groundball, 13S, EV 75.0 MPH)
|
|
Batting: RHB Max Schellekens
|
0-0: Foul Ball, location: 2F 0-1: Foul Ball, location: 2F 0-2: Ground out 6-3 (Groundball, 56, EV 86.9 MPH)
|
| Top of the 7th over - 0 runs, 0 hits, 0 errors, 0 left on base; Tacoma 2 - Omaha 3 |
| BOTTOM OF THE 7TH |
|
Omaha Storm Chasers batting - Pitching for Tacoma Rainiers : RHP Vinny Reveles
|
|
Batting: RHB Chang-keun Baik
|
0-0: Ball 1-0: Called Strike 1-1: Swinging Strike 1-2: Foul Ball, location: 2F 1-2: Foul Ball, location: 2F 1-2: Fly out, F4 (Popup, 4M, EV 68.8 MPH)
|
|
Batting: SHB Arturo Baez
|
0-0: Ball 1-0: Fly out, F7 (Flyball, 7, EV 91.9 MPH)
|
|
Batting: RHB Justin Goff
|
0-0: Called Strike 0-1: Foul Ball, location: 2F 0-2: Ball 1-2: Foul Ball, location: 2F 1-2: Strikes out swinging
|
| Bottom of the 7th over - 0 runs, 0 hits, 0 errors, 0 left on base; Tacoma 2 - Omaha 3 |
| TOP OF THE 8TH |
|
Tacoma Rainiers batting - Pitching for Omaha Storm Chasers : RHP Matthew Orphan
|
|
Now in LF: Ryoji Hiraoka
|
|
|
Now in RF: Chad Sullivan
|
|
|
Batting: LHB Jawad Fahad
|
0-0: Ball 1-0: Ball 2-0: Foul Ball, location: 2F 2-1: SINGLE (Groundball, 34D, EV 103.8 MPH)
|
|
Pitching: LHP Walter Whiteman
|
|
|
Pinch Hitting: RHB Marco Diaz
|
0-0: Ball 1-0: Ball 2-0: Called Strike 2-1: Grounds into double play, 4-6-3 (Groundball, 34, EV 88.8 MPH)
|
|
Pinch Hitting: RHB Julian Gregory
|
0-0: Called Strike 0-1: Foul Ball, location: 2F 0-2: SINGLE (Groundball, 4M, EV 102.5 MPH) (infield hit)
|
|
Pitching: RHP Mike Tuck
|
|
|
Batting: SHB Ray Skogen
|
0-0: Called Strike 0-1: Called Strike 0-2: Ball 1-2: Ground out 4-3 (Groundball, 4, EV 86.2 MPH)
|
| Top of the 8th over - 0 runs, 2 hits, 0 errors, 1 left on base; Tacoma 2 - Omaha 3 |
| BOTTOM OF THE 8TH |
|
Omaha Storm Chasers batting - Pitching for Tacoma Rainiers : RHP Vinny Reveles
|
|
Now at 1B: Marco Diaz
|
|
|
Now at 2B: Zach Downs
|
|
|
Now in LF: Julian Gregory
|
|
|
Batting: RHB Yuichi Takata
|
0-0: Called Strike 0-1: Swinging Strike 0-2: DOUBLE (Groundball, 3L, EV 101.2 MPH)
|
|
Pitching: RHP Tyler Rayner
|
|
|
Batting: SHB Ryoji Hiraoka
|
0-0: Ball 1-0: Called Strike 1-1: Ball 2-1: Ball 3-1: Foul Ball, location: 2F 3-2: Strikes out swinging
|
|
Batting: RHB Adam Martin
|
0-0: Intentional Walk
|
|
Batting: RHB Kazuki Arai
|
0-0: Ball 1-0: Ball 2-0: Ball 3-0: Called Strike 3-1: Base on Balls Yuichi Takata to third Adam Martin to second
|
|
Batting: RHB Chad Sullivan
|
0-0: Ball 1-0: Ball 2-0: Foul Ball, location: 2F 2-1: Foul Ball, location: 2F 2-2: Strikes out swinging
|
|
Batting: RHB Ken Postlethwaite
|
0-0: Ball 1-0: Called Strike 1-1: Ball 2-1: Called Strike 2-2: Strikes out swinging
|
| Bottom of the 8th over - 0 runs, 1 hit, 0 errors, 3 left on base; Tacoma 2 - Omaha 3 |
| TOP OF THE 9TH |
|
Tacoma Rainiers batting - Pitching for Omaha Storm Chasers : RHP Mike Tuck
|
|
Batting: RHB Chris Skaff
|
0-0: Foul Ball, location: 2F 0-1: Ball 1-1: Called Strike 1-2: SINGLE (Line Drive, 9LM, EV 107.5 MPH)
|
|
Batting: RHB Zach Downs
|
0-0: Ball 1-0: SINGLE (Groundball, 6D, EV 105.6 MPH) Chris Skaff to second
|
|
Pinch Runner at 2nd Steve Martin:
|
|
|
Batting: RHB Josh Ruhl
|
0-0: Ball 1-0: Swinging Strike 1-1: Ball 2-1: Swinging Strike 2-2: Fielders Choice at 2nd, 3-6 (Groundball, 34, EV 96.2 MPH) Steve Martin to third
|
|
Batting: RHB Enrique Valdez
|
0-0: Foul Ball, location: 2F 0-1: Ball 1-1: Called Strike 1-2: Foul Ball, location: 2F 1-2: Foul Ball, location: 2F 1-2: Foul Ball, location: 2F 1-2: Fly out, F8 (Flyball, 8RD, EV 98.8 MPH) Runner from 3rd tags up, SCORES, throw by CF
|
|
Batting: RHB Max Schellekens
|
0-0: Called Strike 0-1: Swinging Strike 0-2: Ball Josh Ruhl steals 2nd base 1-2: Ground out 5-3 (Groundball, 5, EV 91.2 MPH)
|
| Top of the 9th over - 1 run, 2 hits, 0 errors, 1 left on base; Tacoma 3 - Omaha 3 |
| BOTTOM OF THE 9TH |
|
Omaha Storm Chasers batting - Pitching for Tacoma Rainiers : RHP Tyler Rayner
|
|
Pitching: RHP Kyle Wood
|
|
|
Now at C: Steve Martin
|
|
|
Pinch Hitting: LHB Robby Diaz
|
0-0: Fly out, F8 (Flyball, 8LD, EV 89.4 MPH)
|
|
Batting: SHB Arturo Baez
|
0-0: Ball 1-0: Foul Ball, location: 2F 1-1: Called Strike 1-2: Ball 2-2: Ground out 1-3 (Groundball, 34S, EV 70.6 MPH)
|
|
Batting: RHB Justin Goff
|
0-0: Ball 1-0: Called Strike 1-1: Ball 2-1: Ground out U3 (Groundball, 3, EV 86.9 MPH)
|
| Bottom of the 9th over - 0 runs, 0 hits, 0 errors, 0 left on base; Tacoma 3 - Omaha 3 |
| TOP OF THE 10TH |
|
Tacoma Rainiers batting - Pitching for Omaha Storm Chasers : RHP Mike Tuck
|
|
Now at 1B: Taisei Fujii
|
|
|
Batting: LHB Jawad Fahad
|
0-0: Ball 1-0: Ground out U3 (Groundball, 3, EV 111.2 MPH)
|
|
Batting: RHB Marco Diaz
|
0-0: Ball 1-0: Ball 2-0: SINGLE (Line Drive, 6M, EV 96.9 MPH)
|
|
Batting: RHB Julian Gregory
|
0-0: Ball 1-0: Grounds into double play, 6-4-3 (Groundball, 6, EV 78.1 MPH)
|
| Top of the 10th over - 0 runs, 1 hit, 0 errors, 0 left on base; Tacoma 3 - Omaha 3 |
| BOTTOM OF THE 10TH |
|
Omaha Storm Chasers batting - Pitching for Tacoma Rainiers : RHP Kyle Wood
|
|
Pitching: RHP Josh Newell
|
|
|
Batting: RHB Yuichi Takata
|
0-0: Ball 1-0: Ball 2-0: Called Strike 2-1: Called Strike 2-2: Strikes out looking
|
|
Batting: SHB Ryoji Hiraoka
|
0-0: Ball 1-0: Ball 2-0: Called Strike 2-1: Foul Ball, location: 2F 2-2: SINGLE (Line Drive, 89S, EV 98.1 MPH)
|
|
Batting: RHB Adam Martin
|
0-0: Ball 1-0: Ball Ryoji Hiraoka steals 2nd, throwing error, E2 Ryoji Hiraoka to third 2-0: Intentional Walk
|
|
Batting: RHB Kazuki Arai
|
0-0: Called Strike 0-1: Swinging Strike 0-2: SINGLE (Groundball, 4M, EV 102.5 MPH) (infield hit) Ryoji Hiraoka scores
|
| Bottom of the 10th over - 1 run, 2 hits, 1 error, 1 left on base; Tacoma 3 - Omaha 4 |
|